 Dungeon Crawl Stone Soup version 0.29.0-4-gdea44cf6ec (webtiles) character file.

Game seed: 13391793963586268394

35 qw the Chopper (level 3, -4/21 HPs)
             Began as a Tengu Warper on Aug 28, 2022.
             Slain by Terence
             ... wielding a +0 flail
              (7 damage)
             ... on level 2 of the Dungeon.
             The game lasted 00:00:08 (1825 turns).

qw the Chopper (Tengu Warper)                       Turns: 1825, Time: 00:00:08

Health: -4/21      AC:  5    Str: 13    XL:     3   Next: 35%
Magic:  7/7        EV: 11    Int: 13    God:
Gold:   47         SH:  0    Dex: 13    Spells: 6/6 levels left

rFire   . . .      SeeInvis .   Y - +0 hand axe
rCold   . . .      Faith    .   (no shield)
rNeg    . . .      Spirit   .   e - +0 ring mail
rPois   .          Reflect  .   (helmet restricted)
rElec   .          Harm     .   (no cloak)
rCorr   .          Rampage  .   (no gloves)
Will    .....                   (boots unavailable)
Stlth   +.........              (no amulet)
HPRegen 0.07/turn               (no ring)
MPRegen 0.10/turn               (no ring)

@: no status effects
A: beak, talons 3
a: no special abilities


You were on level 2 of the Dungeon.
You visited 1 branch of the dungeon, and saw 2 of its levels.

You collected 47 gold pieces.


Innate Abilities, Weirdness & Mutations

You have a beak for a mouth.
You have claws for feet.


   Skills:
 - Level 2.0 Fighting
 + Level 4.1 Axes
 - Level 1.0 Throwing
 - Level 1.1 Armour
 - Level 2.1 Dodging
 - Level 2.0 Spellcasting
 - Level 2.4 Translocations


You had 6 spell levels left.
You didn't know any spells.
Your spell library contained the following spells:

 Spells                   Type           Power      Damage    Failure   Level
 Blink                    Tloc           14%        N/A       30%         2
 Gell's Gravitas          Tloc           7%         N/A       52%         3
 Lesser Beckoning         Tloc           7%         N/A       52%         3
 Teleport Other           Tloc           7%         N/A       52%         3
 Manifold Assault         Tloc           7%         N/A       99%         5

Inventory:

Hand Weapons
 h - a +0 flail
 Y - a +0 hand axe (weapon)
Armour
 e - a +0 ring mail (worn)
Scrolls
 a - a scroll of amnesia {unknown}
Potions
 b - a potion of degeneration {unknown}
 g - a potion of attraction {unknown}
 k - a potion of might {unknown}

Dungeon Overview and Level Annotations

Branches:
Dungeon (2/15)

Altars:

Annotations:
D:2 Terence


Message History

The bat barely misses you. The bat closely misses you.
You miss the bat. Your kick misses the bat.
The bat hits you but does no damage. The bat barely misses you.
You barely miss the bat. Your kick misses the bat. The bat closely misses you.
The bat completely misses you.
You hit the bat.
You kill the bat!
A goblin comes into view. It is wielding a +0 dagger.
Found a fuming cyan potion.
The goblin shouts!
A bat comes into view.
The bat moves out of view.
You hit the goblin.
You kill the goblin!
Things that are here:
a +0 dagger; a goblin corpse A bat comes into view.
Found 7 stones.
You miss the bat. You claw the bat.
You kill the bat!
You see here a bat corpse.
a - a scroll labelled ILI RECHIF
Found a scroll of butterflies.
Found a stone staircase leading down.
b - a fuming cyan potion Terence the Incautious comes into view.
He is wielding a +0 flail.
Terence hits you with a +0 flail!
You hit Terence.
Terence is moderately wounded.
Terence barely misses you.
You hit Terence. You peck Terence.
Terence is heavily wounded.
Terence closely misses you.
You hit Terence.
Terence is heavily wounded.
Terence hits you with a +0 flail!
You hit Terence but do no damage. You punch Terence, but do no damage.
Terence is heavily wounded.
Terence hits you with a +0 flail!
You die...

. . .. .## ##. ..#
..###..###.#######
....>...?.........#
#.................#
#.................#
#..........@......#
#..........#@######
#.........##.###
#...............#
.#...............#
....##..##.......#
............######
............###
####...%.......


You could see Terence.

Vanquished Creatures
  2 dart slugs (D:1)
  An endoplasm (D:1)
  2 giant cockroaches (D:1)
  3 goblins
  3 hobgoblins (D:1)
  2 kobolds (D:1)
  A quokka (D:1)
  3 ball pythons
  7 bats
  2 frilled lizards (D:1)
  3 rats
29 creatures vanquished.

Notes
Turn   | Place    | Note
-------+----------+-------------------------------------------
     0 | D:1      | qw the Tengu Warper began the quest for the Orb.
     0 | D:1      | Reached XP level 1. HP: 12/12 MP: 4/4
     0 | D:1      | 0 ||| qw: Version: 0.1-a-89-g26bdef1
     0 | D:1      | 0 ||| qw: Game counter: 2003
     0 | D:1      | 0 ||| qw: Always use a shield: true
     0 | D:1      | 0 ||| qw: God list: Okawaru
     0 | D:1      | 0 ||| qw: Allow faded altars: false
     0 | D:1      | 0 ||| qw: Do Orc after D:15 true
     0 | D:1      | 0 ||| qw: Do second Lair branch before Depths: true
     0 | D:1      | 0 ||| qw: Lair rune preference: random
     0 | D:1      | 0 ||| qw: Plans: Normal
     0 | D:1      | 0 ||| PLANNING D:1-11
   128 | D:1      | 128 ||| Stepping ~*~*~tactically~*~*~ (stealth).
   138 | D:1      | Reached skill level 3 in Axes
   138 | D:1      | Reached XP level 2. HP: 12/17 MP: 6/6
   138 | D:1      | 138 ||| Stepping ~*~*~tactically~*~*~ (hiding).
   246 | D:1      | 246 ||| Stepping ~*~*~tactically~*~*~ (stealth).
   247 | D:1      | 247 ||| Stepping ~*~*~tactically~*~*~ (stealth).
   418 | D:1      | 418 ||| DROPPING +0 club.
   443 | D:1      | 443 ||| DROPPING +0 mace.
   494 | D:1      | 494 ||| Stepping ~*~*~tactically~*~*~ (hiding).
   596 | D:1      | 596 ||| Stepping ~*~*~tactically~*~*~ (hiding).
   698 | D:1      | 698 ||| Stepping ~*~*~tactically~*~*~ (hiding).
   800 | D:1      | 800 ||| Stepping ~*~*~tactically~*~*~ (hiding).
   902 | D:1      | 902 ||| Stepping ~*~*~tactically~*~*~ (hiding).
  1004 | D:1      | 1004 ||| Stepping ~*~*~tactically~*~*~ (hiding).
  1106 | D:1      | 1106 ||| Stepping ~*~*~tactically~*~*~ (hiding).
  1208 | D:1      | 1208 ||| Stepping ~*~*~tactically~*~*~ (hiding).
  1234 | D:1      | Reached XP level 3. HP: 21/21 MP: 7/7
  1504 | D:1      | Found a faded altar of an unknown god.
  1750 | D:1      | 1750 ||| UPGRADING to +0 ring mail.
  1760 | D:1      | 1760 ||| DROPPING +0 leather armour.
  1761 | D:1      | 1761 ||| DROPPING ring of magical power.
  1762 | D:1      | 1762 ||| READING scroll labelled MURCHI ITAS.
  1767 | D:1      | 1767 ||| READING scroll labelled KIPHAIR TYCS.
  1768 | D:1      | 1768 ||| READING scroll labelled UKOCSUGAWK.
  1769 | D:1      | 1769 ||| READING scroll labelled YXZAAN EWIOMURIC.
  1770 | D:1      | 1770 ||| READING scroll labelled UFROBB PEEQE.
  1771 | D:1      | 1771 ||| DROPPING scroll of blinking.
  1786 | D:2      | Reached skill level 4 in Axes
  1816 | D:2      | Noticed Terence
  1824 | D:2      | HP: 3/21 [Terence/+0 flail (9)]
  1825 | D:2      | Slain by Terence

Levels and vault maps discovered:
D:1:      wander_arrival_peaceful_grave, layout_loops_ring,
          ebering_ecumenical_altar_rust, chequers_garden, minmay_vboxes
D:2:      layout_rooms, chequers_serial_rivers_small_b, feat_on_display,
          uniq_terence, uniq_robin

Skill      XL: |  1  2  3 |
---------------+----------+-----
Axes           | 3 4 |  4.1
Fighting       | |  2.0
Throwing       | |  1.0
Armour         | |  1.1
Dodging        | |  2.1
Spellcasting   | |  2.0
Translocations | |  2.4

Action                   || total
-------------------------++-------
Melee: Hand axe          ||    57
       Kick              ||    10
       Peck              ||     4
       Punch             ||     1
Throw: Boomerang         ||     7
  Use: Scroll            ||     5
 Stab: Sleeping          ||     1
Armor: Leather armour    ||    10
       Ring mail         ||     1
Dodge: Dodged            ||    26

Table legend:
 A = Non-vault XP
 B = Vault XP
 C = Vault XP percentage of total XP
 D = Non-vault monster count
 E = Vault monster count
 F = Vault count percentage of total count
                 A         B        C        D         E       F
            +---------+---------+-------+---------+---------+-------
      Total |      41 |      10 |  19.6 |      24 |       5 |  17.2
            +---------+---------+-------+---------+---------+-------
        D:1 |      33 |      10 |  23.3 |      19 |       5 |  20.8
        D:2 |       8 |       0 |   0.0 |       5 |       0 |   0.0
            +---------+---------+-------+---------+---------+-------
